Unix NetHack Version 5.0.0-0 post-release - last build Jun 10 2026 00:39:30 (3ee93aec679c4c4259841fe613dc97188e26a321,branch:main).

Game began 2026-06-12 19:16:27, ended 2026-06-12 21:20:32.

DaveT, lawful male human Priest

                          --------------------------
                          |>......^.......)..(.....|
                          |.......----------------.|
                          -------.------         |.|
                           |........!..|         |.|
                           |`..........|         |.|
                          --------.----|         |.|
                          |...*%.......|         |.|
                          |............|         |.|
                          -----=--------   ------|.|
                           |..........|  --|.....|.|
                           |....[.....|  |?-.....|.|
                           |.........--  |-|...b.|%|
                          -------.----   |.-.$$lb@@|
                          |........|     |-|$$E..|--
                          |.......`|     |.-$$$$$|
                          |/..------     --|$$$$.|
                          -----            -------
DaveT the Priest             St:18/04 Dx:12 Co:18 In:10 Wi:18 Ch:7  Lawful
Dlvl:6  $:6334 HP:0(99) Pw:131(131) AC:-3 Xp:10 T:17132  Burdened

Latest messages:
 The scorpion turns to flee.
 The scorpion hits!
 The scorpion hits again!
 The scorpion stings!
 You kill the scorpion!
 Welcome to David's treasure zoo!
 There is an open door here.
 There are several objects here.
 You have a little trouble lifting $ - 2988 gold pieces (6334 in total).
 The flaming sphere wakes up!
 The invisible stalker wakes up!
 You see here a flesh golem corpse.
 The flaming sphere explodes!
 Boom!
 You are caught in the flaming sphere's explosion!
 Your gloves smoulder!
 Your oil lamp catches light!
 One of your scrolls of blank paper catches fire and burns!
 The water nymph wakes up.
 The leprechaun wakes up.
 The mountain nymph wakes up.
 The mountain nymph picks up a scorpion corpse.
 You hit the mountain nymph!
 You kill the mountain nymph!
 The Elvenking zaps a glass wand!
 The sleep ray whizzes by you!
 The sleep ray bounces!
 The sleep ray whizzes by you!
 The sleep ray misses the Elvenking.
 The sleep ray misses the quivering blob.
 The leprechaun picks up 45 gold pieces.
 You hit the Elvenking!
 The Elvenking swings his runed broadsword.
 The Elvenking hits!
 The Elvenking swings his runed broadsword.
 The Elvenking hits again!
 The leprechaun picks up 50 gold pieces.
 The Elvenking swings his runed broadsword.
 The Elvenking hits!
 The Elvenking swings his runed broadsword.
 The Elvenking hits again!
 The leprechaun picks up 43 gold pieces.
 What do you want to put on? [s-vzSY or ?*] u
 Which ring-finger, Right or Left? [rl] l
 u - a ring of conflict (on left hand).
 The Elvenking swings his runed broadsword.
 The Elvenking hits!
 You die...
 Do you want your possessions identified? [ynq] (y) y
 Do you want to see your attributes? [ynq] (y) q

Inventory:
 Coins    ('$')
  $ - 6334 gold pieces
 Amulets  ('"')
  v - a blessed amulet of ESP
  x - an amulet of reflection (being worn)
 Weapons  (')')
  A - 10 +0 shuriken
  l - a +0 elven spear
  R - a +0 aklys
  a - a blessed very rusty corroded +6 mace (weapon in right hand)
 Armor    ('[')
  V - a blessed thoroughly rusty +3 orcish helm (being worn)
  n - a burnt +0 pair of leather gloves (being worn)
  K - a blessed +1 pair of low boots (being worn)
  o - a +0 shield of drain resistance (being worn)
  D - a +0 mummy wrapping (being worn)
  b - a blessed very burnt rotted +2 robe
  p - a -1 T-shirt with text "FREE HUGS"
  k - a blessed +2 chain mail (being worn)
 Comestibles  ('%')
  e - a clove of garlic
  y - 12 food rations
  f - a sprig of wolfsbane
  j - a lizard corpse
 Scrolls  ('?')
  I - a blessed scroll of blank paper
  L - 9 scrolls of blank paper
  m - 2 cursed scrolls of blank paper
  T - a scroll of confuse monster
  h - a scroll of create monster
  F - 2 cursed scrolls of enchant armor
  O - a scroll of enchant weapon
  q - a scroll of gold detection
  g - 2 scrolls of remove curse
  J - a scroll of scare monster
 Potions  ('!')
  U - a blessed potion of gain energy
  X - a potion of gain energy
  c - a potion of healing
  Z - a potion of invisibility
  C - a blessed potion of restore ability
  G - 2 potions of restore ability
  w - a potion of holy water
  P - 7 potions of water
 Rings    ('=')
  u - a ring of conflict (on left hand)
  s - a ring of fire resistance
  Y - a ring of invisibility
  t - a ring of levitation
  S - a blessed +2 ring of protection
 Wands    ('/')
  M - a wand of cancellation (0:2)
  E - a wand of enlightenment (0:11)
  W - a wand of magic missile (0:1)
  Q - a wand of polymorph (0:5)
  r - a wand of polymorph (0:3)
 Tools    ('(')
  z - a blindfold
  i - a blessed magic marker (0:2)
  B - an oil lamp (lit)
  H - a +0 pick-axe
  d - a skeleton key
  N - a stethoscope

DaveT the Priest's attributes:

Background:
 You were a Priest, level 10 human.
 You were lawful, on a mission for Ptah
 who was opposed by Thoth (neutral) and Anhur (chaotic).
 You were right-handed.
 You were in Sokoban, on level 6.
 You entered the dungeon 17132 turns ago.
 You had 5531 experience points, 4469 more were needed to attain level 11.

Basics:
 You had 0 out of 99 hit points.
 You had all 131 energy points (spell power).
 Your armor class was -3.
 Your wallet contained 6334 zorkmids.
 Autopickup was off.

Final Characteristics:
 Your strength was 18/04 (limit:18/100).
 Your dexterity was 12 (peak:13, limit:18).
 Your constitution was 18 (limit:18).
 Your intelligence was 10 (limit:18).
 Your wisdom was 18 (limit:18).
 Your charisma was 7 (limit:18).

Final Status:
 You weren't hungry.
 You were burdened; movement was slightly slowed.
 You were wielding a mace.
 You were skilled in mace and could have enhanced that.

Final Attributes:
 You were piously aligned.
 You were cold resistant.
 You were sleep resistant.
 You were poison resistant.
 You were level-drain resistant.
 You saw invisible.
 You were telepathic.
 You were visible.
 You caused conflict.
 You were warded.
 Your spell casting was impaired by metallic armor.
 You were fast.
 You had reflection.
 Ptah was angry with you.
 You are dead (2nd time!).

Miscellaneous:
 You encountered 1 bones level.
 Total elapsed playing time was 1 hour, 47 minutes and 57 seconds.

Major events:
 Turn
    1: DaveT the lawful human Priest entered the dungeon
  857: attained the rank of Acolyte (level 3)
 1507: entered the Gnomish Mines
 3847: attained the rank of Adept (level 6)
 4078: averted death (killed by a dwarf queen)
 6748: reached Mine Town
 9492: performed his first genocide (class L)
12965: entered Sokoban
13654: completed 1st Sokoban level
14606: completed 2nd Sokoban level
15311: completed 3rd Sokoban level
16653: completed 4th Sokoban level
17064: attained the rank of Priest (level 10)
17132: killed by an Elvenking

Spells:
 Name                 Level Category     Fail Retention
 healing                1   healing       94%    (gone)
 light                  1   clerical     100%    (gone)
 chain lightning        2   attack       100%    1%-25%
 identify               3   divination   100%    1%-25%
 jumping                1   escape       100%    1%-25%
 detect treasure        4   divination   100%   26%-50%
 haste self             3   escape       100%  76%-100%

Skills:
 Fighting Skills
   bare handed combat [Unskilled]
 Weapon Skills
   club               [Unskilled]
   mace               [Skilled]
   morning star       [Unskilled]
   flail              [Unskilled]
   hammer             [Unskilled]
   quarterstaff       [Unskilled]
   polearms           [Unskilled]
   spear              [Unskilled]
   trident            [Unskilled]
   lance              [Unskilled]
   bow                [Unskilled]
   sling              [Unskilled]
   crossbow           [Unskilled]
   dart               [Unskilled]
   shuriken           [Unskilled]
   boomerang          [Unskilled]
   unicorn horn       [Unskilled]
 Spellcasting Skills
   healing spells     [Unskilled]
   divination spells  [Unskilled]
   clerical spells    [Basic]

Voluntary challenges:
 Character rerolling was not enabled.
 You genocided 4 types of monsters.
 You never changed form.
 You used no wishes.
 You violated the special Sokoban rules 6 times.
Achievements:
 You entered a shop.
 You attained the rank of Acolyte.
 You entered the Gnomish Mines.
 You attained the rank of Adept.
 You entered Minetown.
 You entered a temple.
 You entered Sokoban.
 You attained the rank of Priest.

 The Dungeons of Doom: levels 1 to 11
    Level 1:
    Level 2:
       A wand shop, an altar to Ptah.
    Level 3:
       Stairs down to The Gnomish Mines.
    Level 4:
       A fountain.
    Level 5:
       An armor shop, a grave.
    Level 6:
       A general store, a grave.
    Level 7:
       An altar.
       Final resting place for
          predakanga-Wiz-Hum-Mal-Neu, killed by a dwarf queen.
    Level 8:
       A general store.
    Level 9:
       A fountain.
       Oracle of Delphi.
    Level 10:
       A fountain.
       Stairs up to Sokoban, level 9.
    Level 11:
 The Gnomish Mines: levels 4 to 10
    Level 4:
    Level 5:
    Level 6:
       Many shops, a temple and an altar to Ptah, some fountains.
    Level 7:
    Level 8:
    Level 9:
    Level 10:
 Sokoban: levels 9 up to 6
    Level 6: <- You were here.
       Solved.
       Final resting place for
          you, killed by an Elvenking.
    Level 7:
       Solved.
    Level 8:
       Solved.
    Level 9:
       Solved.


Vanquished creatures:
  a ghost
  a winged gargoyle
  2 giant mimics
 an ogre tyrant
  a flesh golem
  3 large mimics
  a stalker
  a giant mummy
  2 elf-nobles
  a warg
  3 small mimics
  a quantum mechanic
  a wood golem
  a flaming sphere
  3 large cats
  a gargoyle
  a dwarf ruler
  a tengu
  a mountain centaur
 an elf mummy
  a human mummy
  a pit viper
  4 Grey-elves
  a soldier
  2 watchmen
 an amorous demon
  2 giant beetles
  a quivering blob
  3 cockatrices
  3 wolves
  a winter wolf cub
  a panther
  a spotted jelly
  3 leprechauns
  a mumak
  a giant spider
  2 scorpions
  2 vampire bats
  2 forest centaurs
  2 gnome rulers
  a dwarf mummy
  4 ogres
  4 brown puddings
  2 rust monsters
  5 owlbears
  2 yetis
  2 werewolves
  a Green-elf
  a lizard
  8 chickatrices
  2 dingoes
  2 housecats
  a jaguar
  a gray unicorn
  3 dust vortices
  3 ravens
  a plains centaur
  2 gnome mummies
  a snake
  2 apes
  a human zombie
  a rope golem
  3 Woodland-elves
  a soldier ant
 an imp
  a water nymph
  2 mountain nymphs
 an orc shaman
  2 rock piercers
  2 rock moles
  3 ponies
  a fog cloud
  3 yellow lights
  a shrieker
  a violet fungus
 11 gnome leaders
  2 gnomish wizards
  3 kobold mummies
  a black naga hatchling
  a gray ooze
  2 elf zombies
  2 straw golems
  3 paper golems
 15 giant ants
  2 little dogs
  2 floating eyes
  3 kittens
  3 dwarves
  a homunculus
  4 kobold leaders
  3 kobold shamans
  4 hill orcs
  a rabid rat
  a centipede
  a giant bat
  7 monkeys
  5 orc zombies
  5 dwarf zombies
  2 wererats
  a werejackal
  5 iguanas
  a coyote
  a gas spore
  2 hobbits
  2 large kobolds
  3 hobgoblins
  7 giant rats
  7 cave spiders
  3 brown molds
  a green mold
  a red mold
 51 gnomes
  3 Keystone Kops
  4 garter snakes
  2 gnome zombies
 10 geckos
  9 jackals
  3 foxes
  a kobold
  2 goblins
  3 sewer rats
  4 grid bugs
  7 lichens
  4 kobold zombies
 14 newts
370 creatures vanquished.

Genocided species:
 arch-liches
 master liches
 demiliches
 liches
4 species genocided.

Game over:
                       ----------
                      /          \
                     /    REST    \
                    /      IN      \
                   /     PEACE      \
                  /                  \
                  |      DaveT       |
                  |     6334 Au      |
                  |   killed by an   |
                  |    Elvenking     |
                  |                  |
                  |                  |
                  |       2026       |
                 *|     *  *  *      | *
        _________)/\\_//(\/(/\)/\//\/|_)_______

Goodbye DaveT the Priest...

You died in Sokoban on dungeon level 6 with 43477 points,
and 6334 pieces of gold, after 17132 moves.
You were level 10 with a maximum of 99 hit points when you died.

